 Dungeon Crawl Stone Soup version 0.31-a0-233-g139696dc86 (webtiles) character file.

Game seed: 11684225720192285471

144 qw the Shooter (level 5, 0/30 HPs)
             Began as a Gargoyle Hexslinger on July 7, 2023.
             Slain by an orc
             ... wielding a +0 trident
              (5 damage)
             ... on level 3 of the Dungeon.
             The game lasted 00:00:51 (1821 turns).

qw the Shooter (Gargoyle Hexslinger)                Turns: 1821, Time: 00:00:51

Health: 0/30       AC: 10    Str: 11    XL:     5   Next: 27%
Magic:  6/6        EV: 10    Int: 14    God:
Gold:   66         SH:  0    Dex: 14    Spells: 5/6 levels left

rFire   . . .        Y - +1 sling
rCold   . . .        (no shield)
rNeg    + + .        h - +0 ring mail
rPois   inf          (no helmet)
rElec   +            a - +0 cloak
rCorr   .            (no gloves)
SInv    .            (no boots)
Will    +....        (no amulet)
Stlth   +            f - ring of willpower
HPRegen 0.25/turn    i - ring of positive energy
MPRegen 0.10/turn

%: no passive effects
@: no status effects
A: sickness immunity, AC +4, negative energy resistance 1, electricity
resistance, torment resistance 1, petrification resistance
a: no special abilities


You were on level 3 of the Dungeon.
You visited 1 branch of the dungeon, and saw 3 of its levels.

You collected 66 gold pieces.


Innate Abilities, Weirdness & Mutations

You are immune to sickness and miasma.
Your stone body is resilient. (AC +4)
You are immune to poison.
You resist negative energy. (rN+)
You are resistant to electric shocks. (rElec)
You are resistant to unholy torment.
You are immune to petrification.


   Skills:
 - Level 2.0 Fighting
 - Level 5.0 Ranged Weapons
 + Level 0.2 Armour
 - Level 1.5 Dodging
 - Level 1.0 Spellcasting
 - Level 2.6 Hexes


You had 5 spell levels left.
You knew the following spells:

 Your Spells              Type           Power      Damage    Failure   Level
a - Slow                  Hex            32%        N/A       22%         1

Your spell library contained the following spells:

 Spells                   Type           Power      Damage    Failure   Level
 Inner Flame              Hex/Fire       4%         N/A       73%         3
 Portal Projectile        Hex/Tloc       8%         N/A       73%         3
 Cause Fear               Hex            4%         N/A       91%         4

Inventory:

Hand Weapons
 Y - a +1 sling (weapon)
Armour
 a - a +0 cloak (worn)
 h - a +0 ring mail (worn)
Jewellery
 f - a ring of willpower (left hand)
 i - a ring of positive energy (right hand)
Scrolls
 b - a scroll of identify
Potions
 c - 2 potions of curing
 k - a potion of mutation {unknown}

Dungeon Overview and Level Annotations

Branches:
Dungeon (3/15)

Altars:

Shops:
D:1 (


Message History

The orc shouts!
You hear a shout!
An orc comes into view.
It is wielding a +1 whip of electrocution.
You shoot a sling bullet. The orc shouts!
The sling bullet hits the orc.
The orc is moderately wounded.
You shoot a sling bullet.
The sling bullet hits the orc but does no damage.
The orc is moderately wounded.
You shoot a sling bullet.
The sling bullet closely misses the orc.
The sling bullet barely misses the orc.
An orc comes into view. It is wielding a +0 trident.
You shoot a sling bullet.
The sling bullet closely misses the orc.
The orc shouts!
An orc comes into view. It is wielding a +0 trident.
The orc hits you but does no damage.
You shoot a sling bullet. The sling bullet hits the orc.
You kill the orc!
You shoot a sling bullet.
The sling bullet hits the orc but does no damage.
The orc hits you with a +1 whip of electrocution.
You shoot a sling bullet.
The sling bullet hits the orc but does no damage.
The orc hits you but does no damage.
The orc hits you with a +1 whip of electrocution.
The orc hits you from afar with a +0 trident.
You shoot a sling bullet.
The sling bullet hits the orc but does no damage.
The orc hits you but does no damage. The orc closely misses you.
The orc hits you from afar with a +0 trident.
You shoot a sling bullet.
The sling bullet hits the orc but does no damage.
The orc hits you but does no damage.
The orc hits you from afar with a +0 trident.
You shoot a sling bullet. The sling bullet barely misses the orc.
The orc hits you but does no damage.
The orc hits you from afar with a +0 trident. x2
You die...

#.# #####.### .....
#.).....# .....
#<###.#.########.... #
................)... .#
#.##..........>...} ..
#...:..........oo##.#
####...#........)...###.
##.##........@o......
#.##........##.###..
#.##........# #
#+#########.# #.# #.#
#.# ... ...


You could see 3 orcs.

Vanquished Creatures
  Terence (D:2)
  Natasha (twice) (D:2)
  2 adders (D:2)
  A worm (D:2)
  A dart slug (D:2)
  An orc (D:3)
  3 endoplasms
  A giant cockroach (D:2)
  8 goblins
  4 hobgoblins
  6 jackals (D:1)
  6 kobolds
  4 ball pythons
  4 bats
  3 frilled lizards
  A rat (D:1)
48 creatures vanquished.

Notes
Turn   | Place    | Note
-------+----------+-------------------------------------------
     0 | D:1      | qw the Gargoyle Hexslinger began the quest for the Orb.
     0 | D:1      | Reached XP level 1. HP: 12/12 MP: 2/2
     0 | D:1      | 0 ||| qw: Version: 0.3-a-46-gb1f654a
     0 | D:1      | 0 ||| qw: Game counter: 3114
     0 | D:1      | 0 ||| qw: Melee chars always use a shield: true
     0 | D:1      | 0 ||| qw: God list: Okawaru
     0 | D:1      | 0 ||| qw: Allow faded altars: false
     0 | D:1      | 0 ||| qw: Do Orc after clearing Dungeon:15 true
     0 | D:1      | 0 ||| qw: Do second Lair branch before Depths: true
     0 | D:1      | 0 ||| qw: Lair rune preference: random
     0 | D:1      | 0 ||| qw: Goals: Normal
     0 | D:1      | 0 ||| PLANNING D:1-11
   169 | D:1      | Reached XP level 2. HP: 16/16 MP: 3/3
   257 | D:1      | Reached skill level 3 in Ranged Weapons
   373 | D:1      | Found Xiptiuc's Weapon Shop.
   411 | D:1      | Reached XP level 3. HP: 21/21 MP: 4/4
   749 | D:1      | 749 ||| UPGRADING to +0 leather armour.
   759 | D:1      | 759 ||| DROPPING +0 robe.
   760 | D:1      | 760 ||| UPGRADING to ring of willpower.
   761 | D:1      | 761 ||| UPGRADING to ring of positive energy.
   762 | D:1      | 762 ||| READING scroll labelled PEULIF CAAHUP.
   763 | D:1      | 763 ||| READING scroll labelled YTAHUPH OSIDI.
   767 | D:1      | 767 ||| READING 2 scrolls labelled WYC TIOHOIGANT.
   768 | D:1      | 768 ||| DRINKING 2 yellow potions.
   769 | D:1      | 769 ||| DROPPING scroll of poison.
   770 | D:1      | 770 ||| DROPPING potion of attraction.
   771 | D:1      | 771 ||| DROPPING scroll of fog.
  1183 | D:2      | Reached XP level 4. HP: 26/26 MP: 5/5
  1263 | D:2      | Reached skill level 4 in Ranged Weapons
  1383 | D:2      | Noticed Terence
  1397 | D:2      | HP: 4/26 [Terence/+0 short sword (7)]
  1401 | D:2      | HP: 1/26 [Terence/+0 short sword (1)]
  1408 | D:2      | HP: 1/26 [Terence/+0 short sword (1)]
  1409 | D:2      | Killed Terence
  1530 | D:2      | Noticed Natasha
  1544 | D:2      | Killed Natasha
  1545 | D:2      | Reached XP level 5. HP: 18/30 MP: 6/6
  1622 | D:2      | Noticed Natasha
  1627 | D:2      | Killed Natasha
  1628 | D:2      | Reached skill level 5 in Ranged Weapons
  1748 | D:2      | 1748 ||| UPGRADING to +0 cloak.
  1753 | D:2      | 1753 ||| UPGRADING to +0 ring mail.
  1763 | D:2      | 1763 ||| DROPPING +0 leather armour.
  1764 | D:2      | 1764 ||| READING 2 scrolls labelled BIMPEFONIKU.
  1765 | D:2      | 1765 ||| READING scroll labelled CAQUOX QICIU.
  1766 | D:2      | 1766 ||| DRINKING 2 dark potions.
  1767 | D:2      | 1767 ||| DROPPING scroll of fear.
  1821 | D:3      | HP: 5/30 [orc/+0 trident (6)]
  1821 | D:3      | Slain by an orc

Levels and vault maps discovered:
D:1:      lightli_arrival_maybe_door_vault, layout_basic, serial_forest,
          infiniplex_forest_corner_2, infiniplex_forest_lined_3_way,
          infiniplex_forest_clump_curved, infiniplex_forest_end_3,
          infiniplex_forest_clump_diagonal, infiniplex_forest_clump_small,
          infiniplex_forest_fountain, infiniplex_forest_lined_room_3,
          infiniplex_forest_lined_2, infiniplex_forest_straight_5, serial_shops,
          nicolae_shop_bloodbath_and_beyond
D:2:      layout_basic, chequers_serial_rivers_micro_d,
          kennysheep_generic_room_12, uniq_natasha, uniq_terence
D:3:      layout_loops_corners, nicolae_uskayaw_dance_hall,
          hellmonk_ecumenical_altar_defaced_shrine,
          chequers_hall_statues_wall_a, serial_bayou_pond_b

Skill      XL: |  1  2  3  4  5 |
---------------+----------------+-----
Ranged Weapons | 3 4 5 |  5.0
Fighting       | 2 |  2.0
Armour         | |  0.2
Dodging        | |  1.5
Spellcasting   | |  1.0
Hexes          | |  2.6

Action                     |  1- 3 |  4- 6 || total
---------------------------+-------+-------++-------
   Fire: Sling             |   135 |    78 ||   213
    Use: Scroll            |     3 |     2 ||     5
         Potion            |     1 |     1 ||     2
 Armour: Robe              |    15 |       ||    15
         Leather armour    |    21 |    16 ||    37
         Ring mail         |       |     8 ||     8
  Dodge: Dodged            |    46 |    28 ||    74

Table legend:
 A = Non-vault XP
 B = Vault XP
 C = Vault XP percentage of total XP
 D = Non-vault monster count
 E = Vault monster count
 F = Vault count percentage of total count
                 A         B        C        D         E       F
            +---------+---------+-------+---------+---------+-------
      Total |     122 |      85 |  41.1 |      44 |       4 |   8.3
            +---------+---------+-------+---------+---------+-------
        D:1 |      43 |       0 |   0.0 |      26 |       0 |   0.0
        D:2 |      77 |      82 |  51.6 |      16 |       3 |  15.8
        D:3 |       2 |       3 |  60.0 |       2 |       1 |  33.3
            +---------+---------+-------+---------+---------+-------
